 Dungeon Crawl Stone Soup version 0.31-a0-150-g89dc3ad700 (webtiles) character file.

Game seed: 10251886604730313978

18 iguanaiguana the Sneak (level 2, 0/18 HPs)
             Began as a Deep Elf Delver on June 9, 2023.
             Succumbed to an adder's poison
             ... on level 3 of the Dungeon.
             The game lasted 00:06:28 (851 turns).

iguanaiguana the Sneak (Deep Elf Delver)             Turns: 851, Time: 00:06:28

Health: 0/18       AC:  3    Str:  9    XL:     2   Next: 51%
Magic:  4/4        EV: 12    Int: 14    God:
Gold:   72         SH:  0    Dex: 16    Spells: 1/1 levels left

rFire   . . .        a - +0 short sword
rCold   + . .        (no shield)
rNeg    . . .        b - +0 leather armour
rPois   .            (no helmet)
rElec   .            (no cloak)
rCorr   .            (no gloves)
SInv    .            (no boots)
Will    .....        (no amulet)
Stlth   +++          d - ring of protection from cold
HPRegen 0.23/turn    (no ring)
MPRegen 0.09/turn

%: no passive effects
@: lethally poisoned (0 -> -5), hasted, very quick
A: mutation resistance 1
a: no special abilities


You were on level 3 of the Dungeon.
You visited 1 branch of the dungeon, and saw 3 of its levels.

You collected 72 gold pieces.

Inventory:

Hand Weapons
 a - a +0 short sword (weapon)
Armour
 b - a +0 leather armour (worn)
Jewellery
 d - a ring of protection from cold (left hand)
Wands
 g - a wand of digging (2) {@v3}
Scrolls
 c - a scroll of fog


   Skills:
 - Level 2.5 Fighting
 + Level 2.9 Short Blades
 - Level 2.5 Dodging
 - Level 6.1 Stealth


You had one spell level left.
You didn't know any spells.
Your spell library was empty.

Dungeon Overview and Level Annotations

Branches:
Dungeon (5/15) Zot: 17160  Temple (0/1) D:5

Altars:
Dithmenos

Shops:
D:3 *

Annotations:
D:3 exclusions: adder, 5 goblins and hobgoblin
D:4 exclusion: jackal
D:5 exclusions: iguana, jelly, phantom and upstairs


Innate Abilities, Weirdness & Mutations

You are somewhat resistant to further mutation.


Message History

You start resting.
An adder is nearby!
You start resting.
HP restored.
The adder hisses angrily.
The adder bites you.
You are poisoned.
The adder poisons you! The adder bites you.
You are more poisoned.
The adder poisons you!
You hit the adder but do no damage.
The adder is heavily wounded.
You feel very sick.
You are too injured to fight recklessly!
You barely miss the adder.
The adder is heavily wounded.
The adder bites you.
You are lethally poisoned!
The adder poisons you!
You feel yourself speed up.
* * * LOW HITPOINT WARNING * * *
You feel very sick.
As you read the scroll of fear, it crumbles to dust.
You assume a fearsome visage.
The adder looks frightened!
* * * LOW HITPOINT WARNING * * *
Search for what [? for help]? cur Can't find anything matching that.
Search for what [Enter for "cur", or ? for help]? pot
There is a lethal amount of poison in your body!
Unknown command.
* * * LOW HITPOINT WARNING * * *
* * * LOW HITPOINT WARNING * * *
Okay, then.
Okay, then.
Really quaff the potion of mutation?
You feel extremely strange.
You feel genetically stable.
* * * LOW HITPOINT WARNING * * *
* * * LOW HITPOINT WARNING * * *
You die...

#.#.# #..###.# ...# #.#.#
#......##...####### #.#.#
#.................# ##.#.#
#..##.......# #.# #....#
#..##.###..## #.#
#..######..##.# #.## #.# #..#
#.....##.###.# #.#
#..###.##.##...##.#######.###
#..#...S....@#..#............
#.........##..............###
##.#.#.#..###.#.#.######..#
#.#.#.#......#...# #..#
#.#.#.##.#####...######..###
#.#.#.##....................
#.........####.########).###
###....##.####.# #..#
#.........##.# #..#


You could see an adder.

Vanquished Creatures
  2 worms (D:3)
  A ball python (D:3)
  2 goblins (D:3)
  A hobgoblin (D:3)
  3 jackals (D:3)
  A bat (D:3)
  2 rats (D:3)
12 creatures vanquished.

Notes
Turn   | Place    | Note
-------+----------+-------------------------------------------
     0 | D:5      | iguanaiguana the Deep Elf Delver began the quest for the
                  | Orb.
     0 | D:5      | Reached XP level 1. HP: 13/13 MP: 3/3
    23 | D:5      | Noticed a phantom
    25 | D:4      | Noticed a gnoll sergeant
    50 | D:5      | Noticed an iguana
    68 | D:5      | Noticed a jelly
   214 | D:4      | Noticed a hound
   262 | D:3      | Found Zin's Purification Station.
   361 | D:3      | Reached XP level 2. HP: 13/18 MP: 4/4
   552 | D:3      | Found a shadowy altar of Dithmenos.
   849 | D:3      | Gained mutation: You are somewhat resistant to further
                  | mutation. [potion of mutation]
   851 | D:3      | Succumbed to an adder's poison

Illustrated notes

Levels and vault maps discovered:
D:3:      layout_loops_ring, zin_purify, grunt_dithmenos_smoke_and_mirrors,
          uniq_pargi, uniq_robin
D:4:      minmay_chambers_of_threes, layout_basic, serial_glass,
          glass_columns_a, glass_columns_a, glass_columns_b, glass_columns_c,
          feat_on_display, minmay_strange_pillars, minmay_strange_pillars,
          due_unseen_surprise
D:5:      layout_rooms, minmay_temple_entry_junction_2

Action                     || total
---------------------------++-------
  Melee: Short sword       ||    77
         Punch             ||     1
  Evoke: Wand              ||     1
    Use: Scroll            ||     6
         Potion            ||     4
 Armour: Leather armour    ||    32
  Dodge: Dodged            ||    46

Table legend: (Time is in decaauts)
 A = Elapsed time spent in this place.
 B = Non-inter-level travel time spent in this place.
 C = Inter-level travel time spent in this place.
 D = Time resting spent in this place.
 E = Time spent auto-exploring this place.
 F = Levels seen in this place.
 G = Mean time per level.
                   A        B        C        D        E       F      G
               +--------+--------+--------+--------+--------+-----+--------+
         Total |    839 |    797 |     42 |     61 |    359 |   3 |  279.7 |
       Dungeon |    839 |    797 |     42 |     61 |    359 |   3 |  279.7 |
               +--------+--------+--------+--------+--------+-----+--------+

Top non-repeatable levels by time:
     D:3: 618 daAuts
     D:5: 194 daAuts
     D:4: 26 daAuts
